 Dungeon Crawl Stone Soup version 0.27.0-1-g7a089689b8 (webtiles) character file.

Game seed: 17614858485576951190

5 hawla the Grave Robber (level 1, -1/10 HPs)
             Began as a Deep Elf Necromancer on Aug 15, 2021.
             Slain by an endoplasm (2 damage)
             ... on level 1 of the Dungeon.
             The game lasted 00:01:50 (239 turns).

hawla the Grave Robber (Deep Elf Necromancer)        Turns: 239, Time: 00:01:50

Health: -1/10      AC:  2    Str:  5    XL:     1   Next: 66%
Magic:  0/6        EV: 13    Int: 19    God:
Gold:   0          SH:  0    Dex: 15    Spells: 5/6 levels left

rFire    . . .     SeeInvis .   (no weapon)
rCold    . . .     Faith    .   (no shield)
rNeg     . . .     Spirit   .   a - +0 robe
rPois    .         Reflect  .   (no helmet)
rElec    .         Harm     .   (no cloak)
rCorr    .         Rampage  .   (no gloves)
Will     .....                  (no boots)
Stlth    ++........             (no amulet)
HPRegen  0.03/turn              (no ring)
MPRegen  0.10/turn              (no ring)

@: no status effects
A: no striking features
a: no special abilities


You were on level 1 of the Dungeon.
You visited 1 branch of the dungeon, and saw 1 of its levels.

Inventory:

Armour
 a - a +0 robe (worn)


   Skills:
 + Level 2.7 Dodging
 + Level 2.6 Stealth
 - Level 3.0 Spellcasting
 - Level 5.0 Necromancy


You had 5 spell levels left.
You knew the following spells:

 Your Spells              Type           Power      Damage    Failure   Level
a - Pain                  Necr           84%        1d8       1%          1

Your spell library contained the following spells:

 Spells                   Type           Power      Damage    Failure   Level
 Animate Skeleton         Necr           42%        N/A       1%          1
 Vampiric Draining        Necr           10%        2d7       6%          3
 Animate Dead             Necr           10%        N/A       19%         4
 Agony                    Necr           21%        N/A       47%         5


Dungeon Overview and Level Annotations

Branches:
Dungeon (1/15)

Altars:


Message History

The jackal barely resists.
The jackal closely misses you.
The jackal bites you but does no damage.
As you read the scroll labelled QUN HUJOEXKI, it crumbles to dust.
You feel aware of your surroundings.
You sensed 1 altar.
It was a scroll of magic mapping.
The jackal closely misses you. The jackal barely misses you.
The jackal barely misses you.
Casting: Pain (safe; 1% risk of failure)
Confirm with . or Enter, or press ? or * to list all spells.
Aiming: Pain (safe; 1% risk of failure)
Press: ? - help, Shift-Dir - straight line, f/p - jackal
Aim: a jackal (heavily wounded, chance to affect: 91%)
The jackal writhes in agony!
You kill the jackal!
Unknown command.
A goblin comes into view. It is wielding a +0 dagger.
You see here a jackal corpse.
An endoplasm comes into view.
Casting: Pain (safe; 1% risk of failure)
Confirm with . or Enter, or press ? or * to list all spells.
Aiming: Pain (safe; 1% risk of failure)
Press: ? - help, Shift-Dir - straight line, f - goblin
Aim: a goblin, wielding a +0 dagger (chance to affect: 91%)
The goblin writhes in agony.
The endoplasm quivers.
You aren't carrying any scrolls.
You aren't carrying any potions.
You aren't carrying any items that you can evoke.
Casting: Pain (safe; 1% risk of failure)
Confirm with . or Enter, or press ? or * to list all spells.
Aiming: Pain (safe; 1% risk of failure)
Press: ? - help, Shift-Dir - straight line, f/p - goblin
Aim: a goblin, wielding a +0 dagger (moderately wounded, chance to affect: 91%)
The goblin barely resists.
The goblin hits you with a +0 dagger.
* * * LOW HITPOINT WARNING * * *
The endoplasm misses you.
You hit the endoplasm.
The endoplasm is lightly wounded.
The goblin barely misses you. The endoplasm hits you.
You die...

....................+,,,,,,,,,+,,
.........#####...####,,,,,,,,,***
#..#####.# #..## **,,,,,,,**
#..### #.# #.## **,,,,,** .)...#
#># #.# **,,,** #..#.# #.# #.#
**+** #..#.# #.# #.# *,*
#..#.###.# #.#######***,**
.........# #.g@J...#,,,,,*
####.##### #######.#,*,,,******
.....# *,*,,,,,,,,,,, ####*#
*,*,*,,,****** *,*,*,,,*
*,*,*,*,* *,,,,,*,* ***,***,*
*,,,,,*


You could see an endoplasm and a goblin.

Vanquished Creatures
  2 jackals (D:1)
  A ball python (D:1)
  A bat (D:1)
  2 kobolds (D:1)
6 creatures vanquished.

Notes
Turn   | Place    | Note
-------+----------+-------------------------------------------
     0 | D:1      | hawla the Deep Elf Necromancer began the quest for the Orb.
     0 | D:1      | Reached XP level 1. HP: 10/10 MP: 6/6
   124 | D:1      | Reached skill level 5 in Necromancy
   239 | D:1      | Slain by an endoplasm

Illustrated notes

Levels and vault maps discovered:
D:1:      minmay_arrival_plants_in_alcoves, layout_loops_corners,
          ebering_ecumenical_altar_hall

Skill      XL: |  1 |
---------------+----+-----
Necromancy     | 5 |  5.0
Dodging        | |  2.7
Stealth        | |  2.6
Spellcasting   | |  3.0

Action                   || total
-------------------------++-------
Melee: Unarmed           ||     1
 Cast: Pain              ||    13
  Use: Scroll            ||     1
Armor: Robe              ||     1
Dodge: Dodged            ||    11
